 Dungeon Crawl Stone Soup version 0.31-b1-20-g67cafac56d (webtiles) character file.

Game seed: 7322595036867652303

8958 Arctor the Nimble (level 11, -6/89 HPs)
             Began as a Gnoll Hexslinger on Jan 18, 2024.
             Was a High Priest of Ashenzari.
             Killed from afar by Jorgrun (35 damage)
             ... with a blast of rock fragments
             ... on level 1 of the Orcish Mines.
             The game lasted 00:33:35 (9702 turns).

Arctor the Nimble (Gnoll Hexslinger)                Turns: 9702, Time: 00:33:36

Health: -6/89      AC: 10    Str: 11    XL:     11   Next: 39%
Magic:  7/24       EV: 25    Int: 14    God:    Ashenzari [*****.]
Gold:   226        SH:  0    Dex: 16    Spells: 1/28 levels left

rFire   + . .        b - +5 great mace of Apeoromancy {pain, rElec Will- Int+2, Elem, Cun} (curse)
rCold   . . .        (shield currently unavailable)
rNeg    . . .        t - +1 leather armour of Ashenzari's Augurer {rF+, Melee, Dev} (curse)
rPois   .            (no helmet)
rElec   +            P - +1 cloak of Apeoromancy {Dev, Elem} (curse)
rCorr   .            J - +0 pair of gloves of the Ruined Vision {Sorc, Dev} (curse)
SInv    +            w - +0 pair of boots of the Chained Vision {Dev, Fort} (curse)
Will    .....        D - amulet "Cursed Failure" {Acrobat, Fort, Cun} (curse)
Stlth   ++++         n - ring of the Cursed Empyrean {EV+5, Range, Dev} (curse)
HPRegen 0.34/turn    m - ring "Shattered Together" {EV+5, Self, Cun} (curse)
MPRegen 0.19/turn

%: acrobat, clarity
@: grasped by roots, acrobatic, constricted, inugami summoned
A: fangs 1, strong nose, distributed training
a: Renounce Religion, Shatter the Chains


You were on level 1 of the Orcish Mines.
You worshipped Ashenzari.
Ashenzari was extremely pleased with you.
You visited 2 branches of the dungeon, and saw 11 of its levels.

You collected 746 gold pieces.
You spent 520 gold pieces at shops.

Inventory:

Hand Weapons
 a - a +3 sling
 b - the cursed +5 great mace of Apeoromancy (weapon) {pain, rElec Will- Int+2, Elem, Cun}
   (You found it on level 3 of the Dungeon)

   Int+2:     It affects your intelligence (+2).
   rElec:     It insulates you from electricity.
   Will-:     It decreases your willpower.
   It has a curse which improves the following skills: Elements: Fire Magic, Ice
   Magic, Air Magic and Earth Magic.
   Cunning:   Dodging and Stealth.
 s - a +4 rapier of protection
 Q - a +3 hand axe of freezing
 R - a +3 dagger of freezing
Missiles
 j - 5 atropa-tipped darts
 l - 20 poisoned darts
 L - a silver javelin (quivered)
Armour
 t - the cursed +1 leather armour of Ashenzari's Augurer (worn) {rF+, Melee, Dev}
   (You took it off Eustachio on level 4 of the Dungeon)

   It has a curse which improves the following skills: Melee Combat: Short
   Blades, Long Blades, Axes, Maces & Flails, Polearms, Staves and Unarmed
   Combat.
   Devices:   Evocations and Shapeshifting.
 w - the cursed +0 pair of boots of the Chained Vision (worn) {Dev, Fort}
   (You found it on level 8 of the Dungeon)

   It has a curse which improves the following skills: Devices: Evocations and
   Shapeshifting.
   Fortitude: Armour and Shields.
 H - +0 steam dragon scales
 J - the cursed +0 pair of gloves of the Ruined Vision (worn) {Sorc, Dev}
   (You found it on level 6 of the Dungeon)

   It has a curse which improves the following skills: Sorcery: Conjurations and
   Alchemy.
   Devices:   Evocations and Shapeshifting.
 P - the cursed +1 cloak of Apeoromancy (worn) {Dev, Elem}
   (You found it on level 7 of the Dungeon)

   It has a curse which improves the following skills: Devices: Evocations and
   Shapeshifting.
   Elements:  Fire Magic, Ice Magic, Air Magic and Earth Magic.
 S - a +0 kite shield
Magical Staves
 x - a staff of cold
 y - a staff of alchemy
 I - a staff of fire
Jewellery
 d - a ring of protection from cold
 f - a ring of flight
 g - a ring of positive energy
 h - a +6 ring of intelligence
 i - a ring of resist corrosion
 m - the cursed ring "Shattered Together" (right hand) {EV+5, Self, Cun}
   (You found it on level 2 of the Dungeon)

   [ring of evasion]

   EV+5:      It affects your evasion (+5).
   It has a curse which improves the following skills: Introspection: Fighting
   and Spellcasting.
   Cunning:   Dodging and Stealth.
 n - the cursed ring of the Cursed Empyrean (left hand) {EV+5, Range, Dev}
   (You found it on level 4 of the Dungeon)

   [ring of evasion]

   EV+5:      It affects your evasion (+5).
   It has a curse which improves the following skills: Ranged Combat: Ranged
   Weapons and Throwing.
   Devices:   Evocations and Shapeshifting.
 p - a +6 ring of intelligence
 u - a ring of fire
 A - a ring of ice
 D - the cursed amulet "Cursed Failure" (around neck) {Acrobat, Fort, Cun}
   (You found it on level 5 of the Dungeon)

   [amulet of the acrobat]

   Acrobat:   It increases your evasion while moving and waiting.
   It has a curse which improves the following skills: Fortitude: Armour and
   Shields.
   Cunning:   Dodging and Stealth.
 N - a +4 ring of protection
 X - a ring of resist corrosion
Talismans
 Z - a serpent talisman
Wands
 B - a wand of quicksilver (19)
 C - a wand of roots (17)
 T - a wand of paralysis (20)
Scrolls
 c - a scroll of revelation
 e - a scroll of poison
 q - 2 scrolls of amnesia
 v - 6 scrolls of identify
 E - 2 scrolls of torment
 K - a scroll of immolation
 O - a scroll of vulnerability
 V - a scroll of summoning
 W - a scroll of brand weapon
Potions
 k - a potion of resistance
 o - 2 potions of haste
 r - a potion of invisibility
 z - 2 potions of brilliance
 F - a potion of mutation
 G - a potion of heal wounds
 M - a potion of curing
 U - a potion of cancellation


   Skills:
 + Level 7.0(9.2) Fighting
 + Level 6.5(8.7) Short Blades
 + Level 6.5(8.7) Long Blades
 + Level 6.5(8.7) Axes
 + Level 6.5(8.7) Maces & Flails
 + Level 6.5(8.7) Polearms
 + Level 6.5(8.7) Staves
 + Level 8.0(10.2) Ranged Weapons
 + Level 6.5(8.7) Throwing
 + Level 6.5(9.7) Armour
 + Level 8.0(12.2) Dodging
 + Level 6.5(10.6) Stealth
 + Level 6.5(9.7) Shields
 + Level 6.5(8.7) Unarmed Combat
 + Level 7.1(9.3) Spellcasting
 + Level 5.3(7.4) Conjurations
 + Level 7.7 Hexes
 + Level 5.3 Summonings
 + Level 5.3 Necromancy
 + Level 5.3 Translocations
 + Level 5.8(9.0) Fire Magic
 + Level 5.3(8.4) Ice Magic
 + Level 5.3(8.4) Air Magic
 + Level 5.3(8.4) Earth Magic
 + Level 5.3(7.4) Alchemy
 + Level 7.1 Invocations
 + Level 6.5(12.1) Evocations
 + Level 5.9(11.5) Shapeshifting


You had one spell level left.
You knew the following spells:

 Your Spells              Type           Power      Damage    Failure   Level
a - Jinxbite              Hex            56%        N/A       1%          2
b - Inner Flame           Hex/Fire       30%        N/A       1%          3
c - Olgreb's Toxic Radia  Alch           27%        N/A       6%          4
d - Summon Blazeheart Go  Fire/Summ      26%        N/A       7%          4
e - Martyr's Knell        Necr/Summ      21%        N/A       16%         4
f - Call Canine Familiar  Summ           21%        N/A       4%          3
g - Hailstorm             Conj/Ice       28%        3d8       1%          3
h - Ignite Poison         Fire/Alch      29%        N/A       4%          4

Your spell library contained the following spells:

 Spells                   Type           Power      Damage    Failure   Level
 Magic Dart               Conj           100%       1d8       1%          1
 Necrotise                Necr           84%        1d8       1%          1
 Sting                    Conj/Alch      100%       1d9       1%          1
 Summon Small Mammal      Summ           84%        N/A       1%          1
 Mercury Vapours          Alch/Air       56%        N/A       1%          2
 Scorch                   Fire           62%        2d7       1%          2
 Searing Ray              Conj           54%        2d6       1%          2
 Sigil of Binding         Hex            28%        N/A       1%          3
 Summon Ice Beast         Ice/Summ       25%        N/A       2%          3
 Vampiric Draining        Necr           21%        2d7       4%          3
 Flame Wave               Conj/Fire      29%        2d9       4%          4
 Sticky Flame             Fire/Alch      29%        2d7       4%          4
 Brom's Barrelling Bould  Conj/Erth      28%        2d5       5%          4
 Cause Fear               Hex            14%        N/A       5%          4
 Fulminant Prism          Conj/Alch      13%        3d9       6%          4
 Dimensional Bullseye     Hex/Tloc       12%        N/A       9%          4
 Fireball                 Conj/Fire      14%        3d8       13%         5
 Iskenderun's Battlesphe  Conj           27%        2d8       19%         5
 Curse of Agony           Necr           21%        N/A       38%         5
 Conjure Ball Lightning   Conj/Air       14%        3x3d6     63%         6
 Sculpt Simulacrum        Ice/Alch       14%        N/A       63%         6
 Eringya's Noxious Bog    Alch           13%        4d6       69%         6
 Summon Cactus Giant      Summ           10%        N/A       93%         6
 Orb of Destruction       Conj           13%        9d7       99%         7


Dungeon Overview and Level Annotations

Branches:
Dungeon (10/15)            Temple (0/1) D:5            Lair (0/5) D:10
    Orc (1/2) D:10

Altars:
Ashenzari
Dithmenos
Elyvilon
Fedhas
Gozag
Hepliaklqana
Kikubaaqudgha
Makhleb
Ru
Sif Muna
Trog
Wu Jian
Xom
Yredelemnul
The Shining One

Shops:
D:7 :   D:9 (   D:10 *

Annotations:
Orc:1 Jorgrun


Innate Abilities, Weirdness & Mutations

You have very sharp teeth.
Your uncanny sense of smell can sniff out nearby items.
Your experience applies equally to all skills.


Message History

The terrible wounds on Jorgrun's body vanish.
Your flayed ghost disappears in a puff of smoke!
Your inugami hits Jorgrun.
Casting: Summon Blazeheart Golem (dangerous; 7% risk of failure)
Confirm with . or Enter, or press ? or * to list all spells.
You call forth a shade to shield your allies.
Jorgrun hits your blazeheart golem with a +0 heavy quarterstaff!!
Your inugami completely misses Jorgrun.
Jorgrun hits your blazeheart golem with a +0 heavy quarterstaff!
Your inugami hits Jorgrun but does no damage.
You swap places.
Your inugami misses Jorgrun.
Jorgrun hits your blazeheart golem with a +0 heavy quarterstaff.
Your blazeheart golem falls apart and the last of its fire goes out.
Your inugami closely misses Jorgrun.
Casting: Martyr's Knell (dangerous; 16% risk of failure)
Confirm with . or Enter, or press ? or * to list all spells.
A fiery spirit appears, bound in slag iron.
Jorgrun hits your martyred shade with a +0 heavy quarterstaff!!
Your inugami closely misses Jorgrun.
Your inugami completely misses Jorgrun.
Jorgrun hits your martyred shade with a +0 heavy quarterstaff!!
Your martyred shade wails in agony as it relives its own death.
Terrible wounds open up all over Jorgrun's body!
Your inugami hits Jorgrun but does no damage.
Your blazeheart golem's core grows cold and it stops moving.
Jorgrun hits your flayed ghost with a +0 heavy quarterstaff!!
Your inugami completely misses Jorgrun.
Your flayed ghost cries, "Feel what I felt!"
Terrible wounds spread across more of Jorgrun's body!
Your inugami misses Jorgrun.
Jorgrun hits your flayed ghost with a +0 heavy quarterstaff.
Your flayed ghost misses Jorgrun.
Your inugami closely misses Jorgrun.
Jorgrun points at you and mumbles some strange words.
Roots burst forth from the earth!
The grasping roots grab you! The grasping roots constrict you!
Your inugami hits Jorgrun.
Your flayed ghost barely misses Jorgrun.
Jorgrun gestures next to you while chanting.
The wall shatters!
The blast of rock fragments hits you!!
You die...

##.....# ####..#...###
#.#..##.....#* #....###...#.#
# ######...##...#*# # #.#
#........# **# ### ##.#
#...)...##**.### ..#
##..######...###*,#...#*
.####....#.#..).@..#*#.$...**
...##..#...#...#..###....,,,*
#.....###......##..#..#**,,,,
##...#####...#####.9.###*∆,,,
#..#...##.....##.....W.#*,,,,
..##<.....###..#..###gh#,,,,*
...###...## ##.....#*#....,**
.### #...# ##...## *...#**
...# #..## #...## *.(.#


You could see Jorgrun (flayed, ally target), a friendly flayed ghost (summoned),
a friendly blazeheart golem (summoned, paralysed) and a friendly inugami
(summoned).

Vanquished Creatures
  Erica (D:8)
  Pikel (D:6)
  A manticore (D:9)
  Maggie (D:6)
  A hornet (D:10)
  Sigmund (D:6)
  A vampire (D:10)
  A wraith (D:10)
  5 yaks
  Grum (D:8)
  2 wargs
  Eustachio (D:4)
  4 steam dragons
  Edmund (D:4)
  3 water moccasins (D:10)
  10 orc warriors
  2 black bears
  An ice beast (D:7)
  2 sky beasts
  2 ogres
  4 wolves
  4 phantoms
  A kobold brigand (D:9)
  2 scorpions
  10 wights
  The ghost of Squincus the Trooper, a weakling HOFi (D:3)
  13 killer bees
  A howler monkey (D:4)
  3 hounds
  A bombardier beetle (D:5)
  A gnoll bouda (D:5)
  3 orc priests
  6 iguanas
  Natasha (D:2)
  8 orc wizards
  4 gnolls
  9 adders
  A shadow imp (D:5)
  A white imp (D:5)
  3 ufetubi
  2 dart slugs
  A ribbon worm (D:2)
  36 orcs
  7 ball pythons
  13 endoplasms
  4 giant cockroaches
  6 goblins
  4 hobgoblins
  8 jackals
  4 quokkas
  5 bats
  5 frilled lizards
  11 kobolds
  4 rats
229 creatures vanquished.

Vanquished Creatures (collateral kills)
  An orc (Orc:1)
1 creature vanquished.

Grand Total: 230 creatures vanquished

Notes
Turn   | Place    | Note
-------+----------+-------------------------------------------
     0 | D:1      | Arctor the Gnoll Hexslinger began the quest for the Orb.
     0 | D:1      | Reached XP level 1. HP: 17/17 MP: 4/4
    68 | D:1      | Reached XP level 2. HP: 12/23 MP: 5/5
   218 | D:1      | Learned a level 2 spell: Jinxbite
   688 | D:2      | Reached XP level 3. HP: 28/28 MP: 4/7
   844 | D:2      | Reached skill level 1 in Invocations
  1075 | D:2      | Learned a level 3 spell: Inner Flame
  1086 | D:2      | Noticed Natasha
  1090 | D:2      | Killed Natasha
  1091 | D:2      | Reached skill level 1 in Short Blades
  1091 | D:2      | Reached skill level 1 in Long Blades
  1091 | D:2      | Reached skill level 1 in Axes
  1091 | D:2      | Reached skill level 1 in Maces & Flails
  1091 | D:2      | Reached skill level 1 in Polearms
  1091 | D:2      | Reached skill level 1 in Staves
  1091 | D:2      | Reached skill level 1 in Throwing
  1091 | D:2      | Reached skill level 1 in Armour
  1091 | D:2      | Reached skill level 1 in Stealth
  1091 | D:2      | Reached skill level 1 in Shields
  1091 | D:2      | Reached skill level 1 in Unarmed Combat
  1091 | D:2      | Reached skill level 1 in Evocations
  1091 | D:2      | Reached skill level 1 in Shapeshifting
  1091 | D:2      | Reached XP level 4. HP: 25/34 MP: 5/8
  1296 | D:2      | Found a shimmering blue altar of Sif Muna.
  1815 | D:3      | Found a sacrificial altar of Ru.
  1872 | D:3      | Reached skill level 1 in Conjurations
  1872 | D:3      | Reached skill level 1 in Summonings
  1872 | D:3      | Reached skill level 1 in Necromancy
  1872 | D:3      | Reached skill level 1 in Translocations
  1872 | D:3      | Reached skill level 1 in Ice Magic
  1872 | D:3      | Reached skill level 1 in Air Magic
  1872 | D:3      | Reached skill level 1 in Earth Magic
  1872 | D:3      | Reached skill level 1 in Alchemy
  1959 | D:3      | Found a runed translucent gate.
  1959 | D:3      | Found a runed translucent gate.
  1959 | D:3      | Noticed Squincus's ghost (weakling HOFi)
  1960 | D:3      | Found a runed translucent gate.
  2142 | D:3      | Reached XP level 5. HP: 40/40 MP: 6/9
  2543 | D:3      | Found a shimmering blue altar of Sif Muna.
  2544 | D:3      | Found a hazy altar of Hepliaklqana.
  2546 | D:3      | Found a broken altar of Ashenzari.
  2547 | D:3      | Found a glowing golden altar of the Shining One.
  2549 | D:3      | Identified the +5 great mace "Rulaz" {pain, rElec Will-
                  | Int+2}
  2556 | D:3      | Became a worshipper of Ashenzari the Shackled
  2741 | D:4      | Noticed Eustachio
  2781 | D:4      | Killed Eustachio
  2782 | D:4      | Reached skill level 5 in Ranged Weapons
  2782 | D:4      | Reached skill level 5 in Dodging
  2782 | D:4      | Reached XP level 6. HP: 42/47 MP: 5/11
  3028 | D:4      | Noticed Edmund
  3044 | D:4      | Killed Edmund
  3045 | D:4      | Reached XP level 7. HP: 50/52 MP: 9/12
  3225 | D:4      | Found a basalt altar of Yredelemnul.
  3313 | D:5      | Entered Level 5 of the Dungeon
  3725 | D:5      | Reached XP level 8. HP: 45/60 MP: 10/14
  3881 | D:5      | Found a staircase to the Ecumenical Temple.
  4065 | D:5      | Reached * piety under Ashenzari
  4439 | D:6      | Noticed Maggie
  4454 | D:6      | Killed Maggie
  4511 | D:6      | Reached ** piety under Ashenzari
  4638 | D:6      | Found an ancient bone altar of Kikubaaqudgha.
  4834 | D:6      | Noticed Pikel
  4847 | D:6      | Killed Pikel
  4848 | D:6      | Reached skill level 5 in Fighting
  4848 | D:6      | Reached skill level 5 in Spellcasting
  4848 | D:6      | Reached XP level 9. HP: 47/69 MP: 18/18
  4955 | D:6      | Noticed Sigmund
  4963 | D:6      | Killed Sigmund
  5386 | D:7      | Found an opulent altar of Gozag.
  5540 | D:7      | Found a burning altar of Makhleb.
  5571 | D:7      | Reached skill level 5 in Invocations
  5677 | D:7      | Reached *** piety under Ashenzari
  5677 | D:7      | Reached **** piety under Ashenzari
  5729 | D:7      | Found Diowilofa's Book Emporium.
  6346 | D:3      | Killed Squincus's ghost
  6615 | D:8      | Noticed Grum
  6631 | D:8      | Reached skill level 5 in Short Blades
  6631 | D:8      | Reached skill level 5 in Long Blades
  6631 | D:8      | Reached skill level 5 in Axes
  6631 | D:8      | Reached skill level 5 in Maces & Flails
  6631 | D:8      | Reached skill level 5 in Polearms
  6631 | D:8      | Reached skill level 5 in Staves
  6631 | D:8      | Reached skill level 5 in Throwing
  6631 | D:8      | Reached skill level 5 in Armour
  6631 | D:8      | Reached skill level 5 in Stealth
  6631 | D:8      | Reached skill level 5 in Shields
  6631 | D:8      | Reached skill level 5 in Unarmed Combat
  6631 | D:8      | Reached skill level 5 in Evocations
  6631 | D:8      | Reached XP level 10. HP: 73/79 MP: 21/21
  6634 | D:8      | Paralysed by Grum for 5 turns
  6642 | D:8      | Paralysed by Grum for 3 turns
  6647 | D:8      | Killed Grum
  6653 | D:8      | Noticed Erica
  7026 | D:9      | Found a bloodstained altar of Trog.
  7138 | D:8      | Reached skill level 5 in Fire Magic
  7332 | D:8      | Reached skill level 5 in Shapeshifting
  7357 | D:8      | Killed Erica
  7857 | D:9      | Found Joxaceko's Antique Weapon Emporium.
  7862 | D:9      | Identified a scroll of acquirement
  7954 | D:9      | Reached ***** piety under Ashenzari
  8244 | D:10     | Entered Level 10 of the Dungeon
  8244 | D:10     | Noticed a manticore
  8254 | D:9      | Learned a level 4 spell: Olgreb's Toxic Radiance
  8259 | D:9      | Learned a level 4 spell: Summon Blazeheart Golem
  8264 | D:9      | Learned a level 4 spell: Martyr's Knell
  8268 | D:9      | Learned a level 3 spell: Call Canine Familiar
  8297 | D:9      | Learned a level 3 spell: Hailstorm
  8351 | D:9      | Killed a manticore
  8352 | D:9      | Reached skill level 5 in Conjurations
  8352 | D:9      | Reached skill level 5 in Summonings
  8352 | D:9      | Reached skill level 5 in Necromancy
  8352 | D:9      | Reached skill level 5 in Translocations
  8352 | D:9      | Reached skill level 5 in Ice Magic
  8352 | D:9      | Reached skill level 5 in Air Magic
  8352 | D:9      | Reached skill level 5 in Earth Magic
  8352 | D:9      | Reached skill level 5 in Alchemy
  8352 | D:9      | Reached XP level 11. HP: 41/87 MP: 9/23
  8760 | D:10     | Found a white marble altar of Elyvilon.
  8761 | D:10     | Acquired a book of the Spheres
  8769 | D:10     | Learned a level 5 spell: Iskenderun's Battlesphere
  8840 | D:10     | Found a staircase to the Lair.
  8915 | D:10     | Found a staircase to the Orcish Mines.
  9101 | D:10     | Found an ornate altar of the Wu Jian Council.
  9102 | D:10     | Found a shimmering altar of Xom.
  9102 | D:10     | Found a shadowy altar of Dithmenos.
  9102 | D:10     | Found a blossoming altar of Fedhas.
  9297 | D:10     | Found Femiwkirph's Serpentskin Sales.
  9324 | D:10     | Identified the cursed +1 cloak of Apeoromancy {Dev, Elem}
                  | (You found it on level 7 of the Dungeon)
  9324 | D:10     | Identified the cursed +0 pair of gloves of the Ruined
                  | Vision {Sorc, Dev} (You found it on level 6 of the Dungeon)
  9324 | D:10     | Identified the cursed +0 pair of boots of the Chained
                  | Vision {Dev, Fort} (You found it on level 8 of the Dungeon)
  9324 | D:10     | Identified the cursed +1 leather armour of Ashenzari's
                  | Augurer {rF+, Melee, Dev} (You took it off Eustachio on
                  | level 4 of the Dungeon)
  9351 | D:10     | Bought the Parchment of the Tincture for 520 gold pieces
  9359 | D:10     | Learned a level 4 spell: Ignite Poison
  9440 | Orc:1    | Entered Level 1 of the Orcish Mines
  9669 | Orc:1    | Noticed Jorgrun
  9702 | Orc:1    | Killed from afar by Jorgrun

Illustrated notes

Levels and vault maps discovered:
D:1:      onia_arrival_pyramid, layout_rooms, minivault_23
D:2:      minmay_chambers_of_ones, layout_loops_corners, basic_altar,
          uniq_natasha
D:3:      layout_loops_ring, mainiacjoe_overflow_paths,
          mainiacjoe_overflow_alcove_3, gammafunk_ghost_split,
          minmay_strange_pillars
D:4:      layout_cave_pools, mainiacjoe_overflow_six_doors_small, uniq_edmund,
          uniq_eustachio
D:5:      layout_rooms, minmay_temple_entry_overgrown,
          kennysheep_generic_room_16
D:6:      layout_gridville, nicolae_kikubaaqudgha_miasma_corner, uniq_pikel,
          uniq_maggie, uniq_sigmund
D:7:      layout_loops_ring, mainiacjoe_overflow_surrounded_room,
          mainiacjoe_overflow_brackets, serial_shops,
          nicolae_shop_tiny_statue_garden
D:8:      layout_cave_pools, uniq_erica, uniq_grum
D:9:      layout_loops_cross, kennysheep_mini_moat, serial_shops,
          nicolae_shop_tiny_glass
D:10:     layout_big_octagon, elyvilon_altar_5,
          chequers_temple_overflow_statue_of_worship, erik_lair_orcish_takeover,
          david_orc_5, guppyfry_shop_venom
Orc:1:    gammafunk_beogh_shrine, layout_diamond_mine, basic_altar, uniq_jorgrun

Skill      XL: |  1  2  3  4  5  6  7  8  9 10 11 |
---------------+----------------------------------+-----
Fire Magic     | 2 3 4 5 |  5.8
Invocations    | 1 2 3 4 5 6 7 |  7.1
Short Blades   | 1 2 3 4 5 6 |  6.5
Long Blades    | 1 2 3 4 5 6 |  6.5
Axes           | 1 2 3 4 5 6 |  6.5
Maces & Flails | 1 2 3 4 5 6 |  6.5
Polearms       | 1 2 3 4 5 6 |  6.5
Staves         | 1 2 3 4 5 6 |  6.5
Throwing       | 1 2 3 4 5 6 |  6.5
Armour         | 1 2 3 4 5 6 |  6.5
Stealth        | 1 2 3 4 5 6 |  6.5
Shields        | 1 2 3 4 5 6 |  6.5
Unarmed Combat | 1 2 3 4 5 6 |  6.5
Spellcasting   | 3 4 5 6 7 |  7.1
Evocations     | 1 2 3 4 5 6 |  6.5
Shapeshifting  | 1 2 3 4 5 |  5.9
Conjurations   | 1 2 3 4 5 |  5.3
Summonings     | 1 2 3 4 5 |  5.3
Necromancy     | 1 2 3 4 5 |  5.3
Translocations | 1 2 3 4 5 |  5.3
Ice Magic      | 1 2 3 4 5 |  5.3
Air Magic      | 1 2 3 4 5 |  5.3
Earth Magic    | 1 2 3 4 5 |  5.3
Alchemy        | 1 2 3 4 5 |  5.3
Fighting       | 3 4 5 6 7 |  7.0
Ranged Weapons | 5 6 7 8 |  8.0
Dodging        | 5 6 7 8 |  8.0
Hexes          | 6 7 |  7.7

Action                     |  1- 3 |  4- 6 |  7- 9 | 10-12 || total
---------------------------+-------+-------+-------+-------++-------
  Melee: Great mace        |       |    30 |   184 |   200 ||   414
         Bite              |       |     4 |    20 |    25 ||    49
         Sling             |       |     2 |       |       ||     2
         Unarmed           |       |       |       |    18 ||    18
         Constrict         |       |       |       |     3 ||     3
   Fire: Sling             |    94 |   137 |     8 |       ||   239
  Throw: Javelin           |       |       |       |     2 ||     2
   Cast: Jinxbite          |    10 |    16 |    25 |    23 ||    74
         Olgreb's Toxic Ra |       |       |       |     8 ||     8
         Hailstorm         |       |       |       |     1 ||     1
         Summon Blazeheart |       |       |       |     8 ||     8
         Martyr's Knell    |       |       |       |     7 ||     7
         Call Canine Famil |       |       |       |     5 ||     5
         Iskenderun's Batt |       |       |       |     1 ||     1
 Invoke: Curse Item        |       |       |     5 |     3 ||     8
Ability: Begin Untransform |       |       |       |     1 ||     1
    Use: Scroll            |     1 |     5 |     3 |     4 ||    13
         Potion            |       |     1 |     1 |       ||     2
   Stab: Distracted        |       |     1 |     2 |     2 ||     5
         Sleeping          |       |       |     4 |     3 ||     7
 Armour: Robe              |    22 |    29 |       |       ||    51
         Leather armour    |       |     8 |    81 |   100 ||   189
         Skin              |       |       |       |    10 ||    10
  Dodge: Dodged            |    41 |   107 |   347 |   482 ||   977
   Form: Serpent           |       |       |       |     1 ||     1
